 Dungeon Crawl Stone Soup version 0.17.1-3-g152610e (webtiles) character file.

945 Yevrel the Covered (level 7, -6/63 HPs)
             Began as a Minotaur Fighter on Apr 5, 2016.
             Was an Initiate of Trog.
             Mangled by an ogre
             ... wielding a +0 giant club
              (11 damage)
             ... on level 5 of the Dungeon.
             The game lasted 00:06:19 (3097 turns).

Yevrel the Covered (Minotaur Fighter)               Turns: 3097, Time: 00:06:19

Health: -6/63      AC: 12    Str: 22    XL:     7   Next: 89%
Magic:  6/6        EV:  7    Int:  5    God:    Trog [......]
Gold:   179        SH: 10    Dex: 10    Spells: 0 memorised, 6 levels left

rFire  . . .     SeeInvis .     a - +0 flail
rCold  + . .     Clarity  .     t - +1 chain mail {rC+}
rNeg   . . .     SustAt   .     c - +0 shield
rPois  .         Gourm    .     (helmet restricted)
rElec  .         Spirit   .     (no cloak)
rCorr  .         Warding  .     y - +0 pair of gloves (curse)
rMut   .         Stasis   .     (no boots)
MR     .....                    (no amulet)
Stlth  ..........               (no ring)
                                (no ring)

@: lethally poisoned (-6 -> -7), not resistant to hostile enchantments,
extremely unstealthy
A: retaliatory headbutt, horns 2
a: Burn Spellbooks, Renounce Religion


You were on level 5 of the Dungeon.
You worshipped Trog.
Trog was noncommittal.
You were not hungry.

You visited 2 branches of the dungeon, and saw 6 of its levels.

You collected 179 gold pieces.

Inventory:

Hand Weapons
 a - a +0 flail (weapon)
 p - a +0 flail
Armour
 b - a +0 scale mail
 c - a +0 shield (worn)
 t - a +1 chain mail of cold resistance (worn)
 y - a cursed +0 pair of gloves (worn)
Wands
 o - a wand of confusion (15)
Scrolls
 h - a scroll of random uselessness {unknown}
 j - 6 scrolls of enchant armour {unknown}
 m - a scroll of recharging {unknown}
 q - 4 scrolls of identify {unknown}
 r - a scroll of fear {unknown}
 s - a scroll of noise {unknown}
 u - 2 scrolls of remove curse {unknown}
 w - 2 scrolls of teleportation {unknown}
 x - a scroll of fog {unknown}
Potions
 d - 2 potions of might
 i - 6 potions of curing {unknown}
 k - 2 potions of heal wounds
 l - a potion of haste {unknown}
 n - a potion of ambrosia {unknown}
Comestibles
 e - 2 bread rations
 f - 4 meat rations
 g - 5 fruits
 v - a beef jerky


   Skills:
 + Level 6.1 Fighting
 + Level 5.1 Maces & Flails
 + Level 6.5 Armour
 + Level 3.1 Dodging
 + Level 1.3 Stealth
 + Level 5.9 Shields


You had 6 spell levels left.
You didn't know any spells.

Dungeon Overview and Level Annotations

Branches:
Dungeon (5/15)             Temple (1/1) D:4

Altars:
Cheibriados
Dithmenos
Elyvilon
Gozag
Kikubaaqudgha
Makhleb
Nemelex Xobeh
Ru
Sif Muna
Trog
Xom
Yredelemnul
Zin
The Shining One


Innate Abilities, Weirdness & Mutations

You reflexively headbutt those who attack you in melee.
You have a pair of horns on your head.


Message History

Trog accepts your kill.
You feel sick.
You hit the ogre.
The ogre is lightly wounded.
The ogre hits you with a giant club!
* * * LOW HITPOINT WARNING * * *
The killer bee buzzes angrily.
You sock the ogre!
The ogre is moderately wounded.
You feel sick. The ogre hits you but does no damage.
You hit the ogre.
The ogre is heavily wounded.
The ogre barely misses you.
You hit the ogre.
The ogre is heavily wounded.
You feel sick. You block the ogre's attack.
You barely miss the ogre.
The ogre is heavily wounded.
The ogre hits you with a giant club!
You die...

## #.# .##
#.#
.....####.##
.....yO@<..#
####.######.#


You could see an ogre and a killer bee.

Vanquished Creatures
  The ghost of Yevrel the Shield-Bearer, a novice MiFi (D:4)
  An ogre (D:4)
  Blork the orc (D:5)
  5 killer bees (D:5)
  Ijyb (D:3)
  Jessica (D:2)
  Terence (D:2)
  Natasha (D:2)
  A worker ant (D:3)
  7 adders
  5 worms
  3 giant geckos
  5 orcs (D:4)
  3 bats
  4 giant cockroaches
  5 goblins
  3 hobgoblins (D:1)
  3 jackals (D:3)
  9 kobolds
  4 giant newts
  5 rats
  3 rat zombies (D:3)
72 creatures vanquished.

Notes
Turn   | Place    | Note
--------------------------------------------------------------
     0 | D:1      | Yevrel the Minotaur Fighter began the quest for the Orb.
     0 | D:1      | Reached XP level 1. HP: 19/19 MP: 0/0
   207 | D:1      | Reached XP level 2. HP: 27/27 MP: 1/1
   216 | D:1      | Reached skill level 4 in Armour
   616 | D:2      | Noticed Jessica
   624 | D:2      | Killed Jessica
   624 | D:2      | Reached XP level 3. HP: 21/34 MP: 2/2
  1000 | D:2      | Reached XP level 4. HP: 37/41 MP: 3/3
  1132 | D:2      | Noticed Terence
  1154 | D:2      | Killed Terence
  1154 | D:2      | Reached skill level 1 in Dodging
  1216 | D:2      | Noticed Natasha
  1224 | D:2      | Killed Natasha
  1352 | D:2      | Reached XP level 5. HP: 42/47 MP: 4/4
  1505 | D:3      | Reached skill level 5 in Armour
  1513 | D:3      | Noticed Ijyb
  1526 | D:3      | Killed Ijyb
  1713 | D:3      | Found a glowing silver altar of Zin.
  2035 | D:3      | Found an ancient bone altar of Kikubaaqudgha.
  2130 | D:4      | Reached skill level 1 in Stealth
  2136 | D:4      | Noticed Yevrel's ghost (novice MiFi)
  2164 | D:4      | Killed Yevrel's ghost
  2164 | D:4      | Reached skill level 5 in Fighting
  2164 | D:4      | Reached skill level 5 in Shields
  2164 | D:4      | Reached XP level 6. HP: 5/56 MP: 5/5
  2164 | D:4      | Reached XP level 7. HP: 5/61 MP: 6/6
  2568 | D:4      | Noticed an ogre
  2574 | D:4      | Killed an ogre
  2574 | D:4      | Reached skill level 6 in Armour
  2621 | D:4      | Found an opulent altar of Gozag.
  2839 | D:4      | Found a staircase to the Ecumenical Temple.
  2891 | Temple   | Entered the Ecumenical Temple
  2979 | Temple   | Became a worshipper of Trog the Wrathful
  3049 | D:5      | Entered Level 5 of the Dungeon
  3049 | D:5      | Noticed Blork the orc
  3060 | D:5      | Killed Blork the orc
  3067 | D:5      | Reached skill level 5 in Maces & Flails
  3097 | D:5      | Mangled by an ogre

Action                   |  1- 3 |  4- 6 |  7- 9 || total
-------------------------+-------+-------+-------++-------
Melee: Flail             |    75 |   119 |    72 ||   266
  Eat: Bread ration      |       |     1 |     1 ||     2
